 Dungeon Crawl Stone Soup version 0.19.4-8-ga85b6b9 (webtiles) character file.

1355 Naow the Thaumaturge (level 8, -3/41 HPs)
             Began as a Deep Elf Fire Elementalist on Feb 11, 2017.
             Slain by a killer bee (5 damage)
             ... on level 7 of the Dungeon.
             The game lasted 00:09:20 (5681 turns).

Naow the Thaumaturge (Deep Elf Fire Elementalist)   Turns: 5681, Time: 00:09:21

Health: -3/41      AC:  2    Str:  5    XL:     8   Next: 37%
Magic:  3/22       EV: 13    Int: 29    God:
Gold:   237        SH:  0    Dex: 15    Spells: 4 memorised, 13 levels left

rFire  . . .     SeeInvis .     m - +3 short sword (venom)
rCold  . . .     Gourm    .     a - +0 robe
rNeg   . . .     Faith    .     (no shield)
rPois  .         Spirit   .     (no helmet)
rElec  .         Reflect  .     (no cloak)
rCorr  +         Harm     .     (no gloves)
MR     .....                    (no boots)
Stlth  ++........               (no amulet)
                                y - ring of resist corrosion
                                j - +6 ring of intelligence

@: no status effects
A: no striking features
a: no special abilities


You were on level 7 of the Dungeon.
You were not hungry.

You visited 1 branch of the dungeon, and saw 7 of its levels.
You also visited: Sewer.

You collected 237 gold pieces.

Inventory:

Hand Weapons
 m - a +3 short sword of venom (weapon)
 w - a cursed -3 blowgun
Armour
 a - a +0 robe (worn)
Jewellery
 j - a +6 ring of intelligence (left hand)
 p - an uncursed ring of positive energy
 y - a ring of resist corrosion (right hand)
Scrolls
 d - 2 scrolls of fear {unknown}
 e - 3 scrolls of identify {unknown}
 g - a scroll of fog {unknown}
 i - a scroll of enchant weapon {unknown}
 n - 2 scrolls of teleportation {unknown}
 q - a scroll of enchant armour {unknown}
 t - a scroll of amnesia {unknown}
 u - 3 scrolls of immolation {unknown}
 z - a scroll of remove curse {unknown}
 E - a scroll of magic mapping {unknown}
Potions
 h - 2 potions of agility {unknown}
 k - 2 potions of heal wounds {unknown}
 l - a potion of brilliance {unknown}
 o - 3 potions of curing
 s - a potion of berserk rage {unknown}
 x - a potion of lignification {unknown}
 A - 2 potions of resistance {unknown}
 B - a potion of invisibility {unknown}
 C - 2 potions of flight {unknown}
 D - 2 potions of might {unknown}
Books
 b - a book of Flames

   Spells                             Type                      Level
   a - Flame Tongue                   Conjuration/Fire             1
   b - Throw Flame                    Conjuration/Fire             2
   c - Conjure Flame                  Conjuration/Fire             3
   d - Inner Flame                    Hexes/Fire                   3
   e - Sticky Flame                   Conjuration/Fire             4
   f - Fireball                       Conjuration/Fire             5
 v - a book of Conjurations

   Spells                             Type                      Level
   a - Magic Dart                     Conjuration                  1
   b - Searing Ray                    Conjuration                  2
   c - Dazzling Spray                 Conjuration/Hexes            3
   d - Fulminant Prism                Conjuration/Hexes            4
   e - Iskenderun's Mystic Blast      Conjuration                  4
   f - Iskenderun's Battlesphere      Conjuration/Charms           5
Comestibles
 c - 7 bread rations
 f - a slice of pizza
 r - a meat ration
 F - 8 chunks of flesh


   Skills:
 - Level 2.4 Dodging
 - Level 2.4 Stealth
 + Level 8.1 Spellcasting
 + Level 6.5 Conjurations
 + Level 7.3 Fire Magic


You had 13 spell levels left.
You knew the following spells:

 Your Spells              Type           Power        Failure   Level  Hunger
a - Flame Tongue          Conj/Fire      #####        1%          1    None
b - Throw Flame           Conj/Fire      ######       1%          2    None
c - Conjure Flame         Conj/Fire      ######..     1%          3    None
d - Sticky Flame          Conj/Fire      ######..     2%          4    #......


Dungeon Overview and Level Annotations

Branches:
Dungeon (7/15)
 Temple: D:4-7

Altars:
Cheibriados
Qazlal
Trog

Annotations:
D:4 Naksu's ghost, amateur MiFi


Message History

The sticky flame hits the killer bee.
The killer bee is heavily wounded.
The killer bee is covered in liquid flames!
The killer bee burns!
The killer bee completely misses you. The killer bee barely misses you.
The killer bee burns!
The killer bee barely misses you.
The killer bee burns!
You kill the killer bee!
The killer bee closely misses you. The killer bee stings you.
* * * LOW HITPOINT WARNING * * *
The killer bee stings you!
* * * LOW HITPOINT WARNING * * *
You are lethally poisoned!
The killer bee poisons you!
There is an escape hatch in the ceiling here.
You feel better. The killer bee stings you.
* * * LOW HITPOINT WARNING * * *
The killer bee stings you.
You die...

### #.. #.# ####.#
..#@# #.#y#
#########.#.#####. ##
.......%............###
######...............
#†###)########.# #.
#....>...<.# ..
#.########.# ### ..##
.#


You could see a killer bee.

Vanquished Creatures
  Purgy (Sewer)
  A sky beast (D:4)
  A phantom (D:5)
  3 ogres
  A bullfrog (D:7)
  A scorpion (D:5)
  5 killer bees (D:7)
  A crimson imp (D:5)
  A bullfrog zombie (D:5)
  A quasit (D:5)
  An orc priest (D:5)
  3 orc wizards (D:5)
  4 worker ants
  A hound skeleton (D:3)
  A howler monkey zombie (D:5)
  6 adders
  2 oozes (D:1)
  An adder skeleton (D:4)
  2 worms
  2 dart slugs (D:1)
  3 leopard geckos
  13 orcs
  4 ball pythons
  4 giant cockroaches
  8 goblins
  6 hobgoblins
  4 jackals (D:1)
  6 kobolds
  7 bats
  8 frilled lizards
  A quokka skeleton (D:4)
  3 rats
106 creatures vanquished.

Vanquished Creatures (others)
  A bullfrog (D:6)
  2 hounds (D:6)
  An orc wizard (D:5)
  A leopard gecko (D:6)
5 creatures vanquished.

Grand Total: 111 creatures vanquished

Notes
Turn   | Place    | Note
-------+----------+-------------------------------------------
     0 | D:1      | Naow the Deep Elf Fire Elementalist began the quest for the Orb.
     0 | D:1      | Reached XP level 1. HP: 10/10 MP: 6/6
   308 | D:1      | Reached XP level 2. HP: 15/15 MP: 6/8
   511 | D:1      | Learned a level 2 spell: Throw Flame
   935 | D:1      | Reached XP level 3. HP: 19/19 MP: 6/10
   940 | D:1      | Learned a level 3 spell: Conjure Flame
  1156 | D:2      | Reached skill level 4 in Spellcasting
  1480 | D:2      | Reached XP level 4. HP: 24/24 MP: 1/12
  1816 | D:2      | Found a snail-covered altar of Cheibriados.
  2061 | D:3      | Noticed a water elemental
  2111 | D:3      | Noticed a fire elemental
  2117 | D:3      | Found a stormy altar of Qazlal.
  2120 | D:3      | Noticed an air elemental
  2120 | D:3      | Noticed an earth elemental
  2833 | D:4      | Learned a level 4 spell: Sticky Flame
  2883 | D:4      | Found a bloodstained altar of Trog.
  2883 | D:4      | Found a faded altar of an unknown god.
  2888 | D:4      | Found a faded altar of an unknown god.
  2890 | D:4      | Found a faded altar of an unknown god.
  2891 | D:4      | Found a faded altar of an unknown god.
  2918 | D:4      | Noticed Naksu's ghost (amateur MiFi)
  3252 | D:4      | Reached XP level 5. HP: 28/28 MP: 4/13
  3398 | D:5      | Entered Level 5 of the Dungeon
  3434 | D:5      | Reached skill level 5 in Fire Magic
  3440 | D:5      | Reached skill level 5 in Spellcasting
  3687 | D:5      | Noticed an ogre
  3693 | D:5      | Killed an ogre
  3693 | D:5      | Reached XP level 6. HP: 32/32 MP: 3/16
  3839 | D:5      | Noticed a sky beast
  3854 | D:4      | Killed a sky beast
  3854 | D:4      | Reached skill level 6 in Spellcasting
  4204 | D:5      | Reached XP level 7. HP: 26/36 MP: 13/18
  4723 | D:5      | Reached skill level 5 in Conjurations
  5037 | D:6      | Reached skill level 7 in Spellcasting
  5159 | D:6      | Found a glowing drain.
  5164 | Sewer    | Entered a sewer
  5217 | Sewer    | Noticed Purgy
  5238 | Sewer    | Killed Purgy
  5238 | Sewer    | Reached XP level 8. HP: 41/41 MP: 6/21
  5672 | D:7      | Reached skill level 8 in Spellcasting
  5680 | D:7      | HP: 1/41 [killer bee (10)]
  5681 | D:7      | Slain by a killer bee

Skill      XL: |  1  2  3  4  5  6  7  8 |
---------------+-------------------------+-----
Conjurations   | 2 3 4 5 6 |  6.5
Spellcasting   | 4 5 6 7 8 |  8.1
Fire Magic     | 4 5 6 7 |  7.3
Dodging        | |  2.4
Stealth        | |  2.4

Action                   |  1- 3 |  4- 6 |  7- 9 || total
-------------------------+-------+-------+-------++-------
Melee: Unarmed           |     1 |     4 |       ||     5
       Short sword       |       |    27 |    11 ||    38
 Cast: Flame Tongue      |    32 |    68 |    40 ||   140
       Throw Flame       |    15 |    25 |    26 ||    66
       Sticky Flame      |       |     3 |    12 ||    15
  Use: Potion            |       |       |     2 ||     2
  Eat: Chunk             |     2 |     4 |     1 ||     7
       Meat ration       |       |     1 |     1 ||     2
Armor: Robe              |     1 |     9 |     2 ||    12
Dodge: Dodged            |     3 |    45 |    18 ||    66
